AoeStats
← NPG | gab

Arabia

508678709Analyzed
1v1 RM · 9d ago on Sep 23, 2026· 60m 33s· 2 players
Game mode
Random Map
Map size
Tiny (2 player)
Population
200
Speed
Normal
Resources
Standard
Victory
Conquest
Starting age
Dark Age
Ending age
Imperial Age
RankedLock teamsTeams togetherTeam positionsShared explorationLock speedFull tech treeHidden civsTurbo modeCheats
Victory
Defeat
🇦🇷 Japanese · Argentina
1250
+17
🇸🇬 Japanese · Singapore
1273
-17
NPG | gab
6:18 Loom
8:49 Feudal Age
9:13 Man-at-Arms
18:10 Fletching
19:44 Padded Archer Armor
24:32 Castle Age
22:54 Scale Mail Armor
23:43 Double-Bit Axe
25:10 Forging
25:14 Bodkin Arrow
26:55 Long Swordsman
28:45 Wheelbarrow
29:06 Scale Barding Armor
32:45 Ballistics
39:59 Imperial Age
41:59 Bracer
44:39 Chemistry
44:44 Bow Saw
48:06 Hand Cart
48:23 Horse Collar
51:36 Gold Mining
52:02 Heavy Cavalry Archer
54:27 Parthian Tactics
54:35 Capped Ram
56:52 Thumb Ring
57:11 Elite Samurai
58:12 Conscription
58:10 Chain Mail Armor
58:30 Iron Casting
60:18 Plate Mail Armor
blackbeard1
3:51 Loom
9:27 Feudal Age
9:53 Man-at-Arms
11:03 Double-Bit Axe
20:22 Fletching
23:04 Castle Age
21:25 Horse Collar
22:17 Scale Barding Armor
24:26 Husbandry
28:09 Elite Skirmisher
30:36 Bloodlines
35:30 Bodkin Arrow
44:40 Imperial Age
43:16 Wheelbarrow
43:33 Scale Mail Armor
43:43 Forging
44:39 Chain Mail Armor
44:34 Forging
46:22 Forging
47:26 Conscription
Connection lost

Rejoining the realm…

Still unreachable

The connection could not be restored.

Session expired

The server has moved on; the page needs a fresh start.